 Dungeon Crawl Stone Soup version 0.31-a0-431-g88bdf31460 (webtiles) character file.

Game seed: 17732314004551584772

1 sampeng1 the Ruffian (level 1, -2/15 HPs)
             Began as a Human Shapeshifter on Aug 1, 2023.
             Slain by a gnoll
             ... wielding a +0 whip
              (5 damage)
             ... on level 1 of the Dungeon.
             The game lasted 00:00:17 (39 turns).

sampeng1 the Ruffian (Human Shapeshifter)             Turns: 39, Time: 00:00:17

Health: -2/15      AC:  2    Str: 15    XL:     1   Next: 22%
Magic:  1/1        EV: 12    Int:  8    God:
Gold:   0          SH:  0    Dex: 13    Spells: 0/0 levels left

rFire   . .          .
                       - Unarmed
rCold   . . .        (no shield)
rNeg    . . .        a - +0 animal skin
rPois   .            (helmet currently unavailable)
rElec   .            (cloak currently unavailable)
rCorr   .            (gloves currently unavailable)
SInv    .            (boots currently unavailable)
Will    .....        (no amulet)
Stlth   +            (no ring)
HPRegen 0.22/turn    (no ring)
MPRegen 0.07/turn

%: no passive effects
@: beast-form
A: beast (slay +2)
a: Begin Untransformation


You were on level 1 of the Dungeon.
You were a hulking beast.
You visited 1 branch of the dungeon, and saw 1 of its levels.

Inventory:

Armour
 a - a +0 animal skin (worn)
Talismans
 c - a beast talisman (active)
Potions
 b - a potion of lignification


   Skills:
 + Level 1.0 Fighting
 + Level 0.0 Armour
 + Level 2.0 Dodging
 + Level 3.0 Unarmed Combat
 + Level 3.0 Shapeshifting


You couldn't memorise any spells.
You didn't know any spells.
Your spell library contained the following spells:

 Spells                   Type           Power      Damage    Failure   Level
 Shock                    Conj/Air       0%         1d3       41%         1
 Swiftness                Air            0%         N/A       78%         3
 Airstrike                Air            0%         2d(0-16)  99%         4


Dungeon Overview and Level Annotations

Branches:
Dungeon (1/15)

Altars:


Message History

Press ? for a list of commands and other information.
Found a staircase leading out of the dungeon.
You enter the shallow water.
Moving in this stuff is going to be slow.
A bat comes into view.
The bat moves out of view.
The bat hits you.
You see here a book of Air.
You hit the bat.
You kill the bat!
You pick up a book of Air and begin reading...
You add the spells Shock, Swiftness and Airstrike to your library.
Found a stone staircase leading down.
A gnoll comes into view. It is wielding a +0 whip.
The gnoll shouts!
You hear a shout!
A giant cockroach comes into view.
Things that are here:
6 gold pieces; a +0 mace The gnoll hits you with a +0 whip.
You hit the gnoll.
The gnoll is lightly wounded.
The gnoll misses you.
You hit the gnoll.
The gnoll is lightly wounded.
The gnoll barely misses you.
You hit the gnoll.
The gnoll is heavily wounded.
The gnoll hits you with a +0 whip!
Ouch! That really hurt!
* * * LOW HITPOINT WARNING * * *
You hit the gnoll.
The gnoll is severely wounded.
The giant cockroach bites you but does no damage.
The gnoll misses you.
The giant cockroach bites you but does no damage.
You completely miss the gnoll.
The gnoll is severely wounded.
An endoplasm comes into view.
A hobgoblin comes into view.
The gnoll hits you with a +0 whip.
You die...

###.#..# ...
..#....#######... ...
... .......#.... #...#
#..#.......... .....#
#.#.#......# ..... .
#........######.#.#
..##.#......##.......#
.....#.......#...B...#
..............$.hg...#
.............#.......#
..#...............?..g.#
♣♣♣♣~.##...###.>........
♣≈≈≈~~##...#####.####.#.
~~~~≈♣............. ..
~~~~≈♣...###....... J
~~~~≈♣...# ........
~~~~≈♣##.# ....


You could see a gnoll, an endoplasm (wandering), a giant cockroach and a
hobgoblin (wandering).

Vanquished Creatures
  A bat (D:1)
1 creature vanquished.

Notes
Turn   | Place    | Note
-------+----------+-------------------------------------------
     0 | D:1      | sampeng1 the Human Shapeshifter began the quest for the
                  | Orb.
     0 | D:1      | Reached XP level 1. HP: 15/15 MP: 1/1
    39 | D:1      | Slain by a gnoll

Illustrated notes

Levels and vault maps discovered:
D:1:      reono_arrival_forest_river, layout_rooms

Action                     || total
---------------------------++-------
  Melee: Unarmed           ||     6
 Armour: Animal skin       ||     2
  Dodge: Dodged            ||     3

Table legend: (Time is in decaauts)
 A = Elapsed time spent in this place.
 B = Non-inter-level travel time spent in this place.
 C = Inter-level travel time spent in this place.
 D = Time resting spent in this place.
 E = Time spent auto-exploring this place.
 F = Levels seen in this place.
 G = Mean time per level.
                   A        B        C        D        E       F      G
               +--------+--------+--------+--------+--------+-----+--------+
         Total |     41 |     41 |      0 |      0 |     25 |   1 |   41.0 |
       Dungeon |     41 |     41 |      0 |      0 |     25 |   1 |   41.0 |
               +--------+--------+--------+--------+--------+-----+--------+

Top non-repeatable levels by time:
     D:1: 41 daAuts
